 Dungeon Sprint DCSS version 0.24-b1-30-g840c9efd86 (webtiles) character file.

Game seed: 9203774735345294752, levelgen mode: deterministic

319 night the Quickloader (level 6, -3/35 HPs)
             Began as a Kobold Hunter on Oct 25, 2019.
             Was a Follower of Trog.
             Slain by an orc warrior
             ... wielding a +0 mace
              (9 damage)
             ... in the Dungeon (Sprint IX: "|||||||||||||||||||||||||||||").
             The game lasted 00:03:01 (391 turns).

night the Quickloader (Kobold Hunter)                Turns: 391, Time: 00:03:02

Health: -3/35      AC: 11    Str: 12    XL:     6   Next: 74%
Magic:  6/6        EV: 12    Int: 15    God:    Trog [*.....]
Gold:   0          SH:  0    Dex: 15    Spells: 5/5 levels left

rFire    . . .     SeeInvis .   b - +2 rapier (venom)
rCold    . . .     Gourm    .   (shield restricted)
rNeg     . . .     Faith    .   t - +1 chain mail
rPois    .         Spirit   .   (no helmet)
rElec    .         Reflect  .   (no cloak)
rCorr    .         Harm     .   q - +0 pair of gloves
MR       .....     NoTele   +   (no boots)
Stlth    ..........             (no amulet)
HPRegen  0.11/turn              r - +2 ring of evasion
MPRegen  0.10/turn              s - +3 ring of intelligence

@: no status effects
A: small, carnivore
a: Berserk, Renounce Religion


You were in the Dungeon.
You worshipped Trog.
Trog was aware of your devotion.
You were very full.

You visited 1 branch

Inventory:

Hand Weapons
 a - a +1 hand crossbow
 b - a +2 rapier of venom (weapon)
 p - a +0 short sword
Missiles
 d - 7 bolts
Armour
 c - a +0 leather armour
 q - a +0 pair of gloves (worn)
 t - a +1 chain mail (worn)
Magical Staves
 o - an uncursed staff of energy
Jewellery
 r - a +2 ring of evasion (left hand)
 s - a +3 ring of intelligence (right hand)
Wands
 n - a wand of acid (7)
Scrolls
 k - 2 scrolls of blinking
 m - 3 scrolls of remove curse
Potions
 e - 5 potions of curing
 g - 2 potions of heal wounds
 h - a potion of haste
 i - 4 potions of magic
 j - a potion of berserk rage
 l - a potion of invisibility
Comestibles
 f - a ration


   Skills:
 - Level 2.1 Fighting
 + Level 7.5 Short Blades
 * Level 10.9 Crossbows
 + Level 3.9 Armour
 + Level 7.4 Dodging
 - Level 4.5 Stealth


You had 5 spell levels left.
You didn't know any spells.
Your spell library was empty.

Dungeon Overview and Level Annotations

Branches:
Dungeon (1/1)

Altars:
Cheibriados
Dithmenos
Elyvilon
Fedhas
Gozag
Hepliaklqana
Kikubaaqudgha
Makhleb
Nemelex Xobeh
Okawaru
Qazlal
Ru
Sif Muna
Trog
Uskayaw
Vehumet
Wu Jian
Xom
Yredelemnul
Zin
The Shining One
Beogh
Jiyva
Lugonu


Innate Abilities, Weirdness & Mutations

You are small and have problems with some larger weapons.
You are carnivorous and can eat meat at any time.


Message History

The bolt of acid hits the orc warrior!
The orc warrior is splashed with acid.
The acid corrodes the orc warrior!
The orc warrior is heavily wounded.
The crocodile bites you but does no damage.
The phantom closely misses you.
Your +2 rapier of venom begins to drip with poison!
b - a +2 rapier of venom (weapon)
The crocodile misses you.
You hit the crocodile.
You kill the crocodile!
Trog accepts your kill.
Your Short Blades skill increases to level 7!
Your Dodging skill increases to level 7!
The phantom hits you.
* * * LOW HITPOINT WARNING * * *
You barely miss the orc warrior.
The orc warrior is heavily wounded.
The phantom hits you but does no damage.
The orc warrior hits you with a +0 mace!
You die...

▓_▓
▓_▓
▓'▓
▓.▓
▓?▓
▓.▓
▓)▓
▓W▓
▓@▓
▓o▓
▓(▓
▓)▓
▓(▓
▓(▓
▓(▓
▓.▓
▓.▓


You could see a phantom and an orc warrior.

Vanquished Creatures
  A sky beast (D)
  A crocodile (D)
  A bullfrog (D)
  A wight (D)
  An orc wizard (D)
  A shadow imp (D)
  2 dart slugs (D)
  A bat skeleton (D)
  A goblin (D)
  A hobgoblin (D)
  A jackal (D)
  A frilled lizard (D)
  A giant cockroach zombie (D)
14 creatures vanquished.

Notes
Turn   | Place    | Note
-------+----------+-------------------------------------------
     0 | D        | night the Kobold Hunter began the quest for the Orb.
     0 | D        | Reached XP level 1. HP: 12/12 MP: 1/1
     7 | D        | Reached skill level 1 in Short Blades
     7 | D        | Reached skill level 5 in Crossbows
    12 | D        | Reached XP level 2. HP: 17/17 MP: 2/2
    39 | D        | Reached skill level 6 in Crossbows
    45 | D        | Reached skill level 7 in Crossbows
    45 | D        | Reached XP level 3. HP: 5/21 MP: 3/3
    47 | D        | Reached XP level 4. HP: 7/26 MP: 4/4
   296 | D        | Found a roughly hewn altar of Beogh.
   296 | D        | Found a snail-covered altar of Cheibriados.
   296 | D        | Found a shadowy altar of Dithmenos.
   296 | D        | Found a white marble altar of Elyvilon.
   296 | D        | Found a blossoming altar of Fedhas.
   296 | D        | Found an opulent altar of Gozag.
   297 | D        | Found a hazy altar of Hepliaklqana.
   298 | D        | Found a viscous altar of Jiyva.
   299 | D        | Found an ancient bone altar of Kikubaaqudgha.
   300 | D        | Found a corrupted altar of Lugonu.
   301 | D        | Found a burning altar of Makhleb.
   302 | D        | Found a sparkling altar of Nemelex Xobeh.
   303 | D        | Found an iron altar of Okawaru.
   304 | D        | Found a stormy altar of Qazlal.
   305 | D        | Found a sacrificial altar of Ru.
   306 | D        | Found a shimmering blue altar of Sif Muna.
   307 | D        | Found a bloodstained altar of Trog.
   308 | D        | Found a hide-covered altar of Uskayaw.
   309 | D        | Found a radiant altar of Vehumet.
   310 | D        | Found an ornate altar of the Wu Jian Council.
   311 | D        | Found a shimmering altar of Xom.
   312 | D        | Found a basalt altar of Yredelemnul.
   313 | D        | Found a glowing silver altar of Zin.
   314 | D        | Found a glowing golden altar of the Shining One.
   315 | D        | Became a worshipper of Trog the Wrathful
   370 | D        | Noticed a sky beast
   370 | D        | Noticed a phantom
   370 | D        | Noticed a bullfrog
   370 | D        | Noticed a crocodile
   370 | D        | Noticed an orc warrior
   375 | D        | Reached skill level 8 in Crossbows
   375 | D        | Reached skill level 1 in Armour
   375 | D        | Reached skill level 5 in Dodging
   383 | D        | Killed a sky beast
   383 | D        | Reached skill level 9 in Crossbows
   383 | D        | Reached XP level 5. HP: 11/30 MP: 5/5
   383 | D        | Killed a bullfrog
   383 | D        | Reached * piety under Trog
   383 | D        | Reached skill level 10 in Crossbows
   383 | D        | Reached XP level 6. HP: 13/35 MP: 6/6
   391 | D        | Slain by an orc warrior

Skill      XL: |  1  2  3  4  5  6 |
---------------+-------------------+-----
Short Blades   | 2 3 6 7 |  7.5
Crossbows      | 5 7 9 10 | 10.9
Dodging        | 3 4 6 7 |  7.4
Stealth        | 2 4 |  4.5
Armour         | 2 3 |  3.9
Fighting       | |  2.1

Action                   |  1- 3 |  4- 6 || total
-------------------------+-------+-------++-------
Melee: Rapier            |       |     2 ||     2
 Fire: Hand crossbow     |    20 |    11 ||    31
Evoke: Wand              |       |     3 ||     3
  Use: Potion            |       |     1 ||     1
  Eat: Chunk             |       |     6 ||     6
Armor: Leather armour    |     1 |       ||     1
       Chain mail        |       |     7 ||     7
Dodge: Dodged            |    18 |     6 ||    24
